 Dungeon Sprint DCSS version 0.31-a0-799-g6bc09d010c (webtiles) character file.

Game seed: 4205433107667506188

224 sircluck the Ruffian (level 5, -4/88 HPs)
             Began as a Troll Berserker on Sept 19, 2023.
             Was an Elder of Trog.
             Slain by a human
             ... wielding a +0 dagger
              (16 damage)
             ... in the Dungeon (Sprint III: "The Ten Rune Challenge").
             The game lasted 00:00:36 (329 turns).

sircluck the Ruffian (Troll Berserker)               Turns: 329, Time: 00:00:37

Health: -4/88      AC:  4    Str: 27    XL:     5   Next: 67%
Magic:  4/4        EV: 11    Int:  3    God:    Trog [****..]
Gold:   37         SH:  0    Dex:  9    Spells: 4/4 levels left

rFire   . .          .
                       - Unarmed
rCold   + . .        (no shield)
rNeg    . . .        a - +0 animal skin
rPois   .            (helmet restricted)
rElec   .            (no cloak)
rCorr   .            (gloves unavailable)
SInv    .            (boots unavailable)
Will    .....        (no amulet) Stlth
                     (no ring)
HPRegen 1.14/turn    (no ring)
MPRegen 0.09/turn

%: no teleportation
@: berserking, very quick
A: large, unfitting armour, claws 3, regeneration 1, shaggy fur 1, tough skin 1,
cold resistance 1
a: Renounce Religion, Berserk, Trog's Hand, Brothers in Arms


You were in the Dungeon.
You worshipped Trog.
Trog was greatly pleased with you.
You visited 1 branch You collected 37 gold pieces.

Inventory:

Armour
 a - a +0 animal skin (worn)
Jewellery
 h - a ring of ice
Scrolls
 g - a scroll of blinking
 j - 2 scrolls of poison {unknown}
 k - a scroll of immolation {unknown}
 m - 2 scrolls of identify
Potions
 b - a potion of curing
 c - a potion of heal wounds
 d - a potion of haste
 e - 2 potions of magic
 f - a potion of berserk rage
 i - 4 potions of mutation
 l - 3 potions of enlightenment


   Skills:
 + Level 6.2 Fighting
 + Level 6.2 Dodging
 + Level 7.4 Unarmed Combat


You had 4 spell levels left.
You didn't know any spells.
Your spell library was empty.

Dungeon Overview and Level Annotations

Branches:
Dungeon (1/1)

Altars:
Dithmenos
Kikubaaqudgha
Okawaru
Ru
Sif Muna
Trog
Uskayaw
Vehumet
Wu Jian
Yredelemnul


Innate Abilities, Weirdness & Mutations

You are too large for most types of armour.
You have claws for hands.
Your natural rate of healing is unusually fast.
You are covered in fur. (AC +1)
You have tough skin. (AC +1)
Your flesh is cold resistant. (rC+)


Message History

The human closely misses you.
You mangle the human!!
The human is moderately wounded.
The human hits you! The human hits you with a +0 dagger!
You closely miss the human.
The human is moderately wounded.
The human hits you with a +0 dagger! The human barely misses you.
You barely miss the human.
The human is moderately wounded.
The human misses you.
You miss the human.
The human is moderately wounded.
The human hits you but does no damage.
You completely miss the human.
The human is moderately wounded.
The human closely misses you.
You claw the human!
The human is heavily wounded.
The human hits you with a +0 dagger! x2
You claw the human!
The human is severely wounded.
The human hits you with a +0 dagger.
You scratch the human.
The human is severely wounded.
The human hits you with a +0 dagger.
* * * LOW HITPOINT WARNING * * *
You claw the human!
The human is almost dead.
The human hits you with a +0 dagger.
* * * LOW HITPOINT WARNING * * *
A red film seems to cover your vision as you go berserk!
You feel yourself moving faster!
You feel mighty! The human hits you with a +0 dagger.
* * * LOW HITPOINT WARNING * * *
The human hits you with a +0 dagger.
* * * LOW HITPOINT WARNING * * *
You closely miss the human.
The human is almost dead.
The human hits you with a +0 dagger!
You die...

▓▓▓▓▓▓ ▓▓▓ .....♣ ♣.#
######## .....♣ ♣♣.#
#___#__# .....♣ ♣..#
#p_.#._#
....~♣♣♣♣..###+#p###)##
...~~.♣♣.♣.#....@.....#
..~~~~♣.♣..'.⌠........#
..~≈≈~~~♣..#...######+#
.~~≈~~~....#.⌠.#
.~≈~~~.....#...#
.~~~.......#)###
...........#.):#
....†......#___#
▓▓▓▓▓▓▓▓▓▓▓▓▓▓▓▓


You could see 2 humans.

Vanquished Creatures
  A necrophage (D)
  A water elemental (D)
  A wizard (D)
  A necromancer (D)
  A kobold demonologist (D)
  A human (D)
  A wolf (D)
  4 rats (D)
11 creatures vanquished.

Notes
Turn   | Place    | Note
-------+----------+-------------------------------------------
     0 | D        | sircluck the Troll Berserker began the quest for the Orb.
     0 | D        | Reached XP level 1. HP: 22/22 MP: 0/0
    13 | D        | Reached ** piety under Trog
    47 | D        | Reached skill level 4 in Unarmed Combat
    47 | D        | Reached XP level 2. HP: 27/31 MP: 1/1
    56 | D        | Reached XP level 3. HP: 39/39 MP: 2/2
    87 | D        | Noticed a water elemental
    90 | D        | Killed a water elemental
    90 | D        | Reached *** piety under Trog
    91 | D        | Reached skill level 5 in Unarmed Combat
    91 | D        | Reached XP level 4. HP: 49/49 MP: 3/3
   244 | D        | Gained mutation: Your flesh is cold resistant. (rC+)
                  | [potion of mutation]
   248 | D        | Found a radiant altar of Vehumet.
   248 | D        | Found a shimmering blue altar of Sif Muna.
   248 | D        | Found an ancient bone altar of Kikubaaqudgha.
   248 | D        | Noticed a wizard
   249 | D        | Killed a wizard
   250 | D        | Reached skill level 5 in Fighting
   250 | D        | Reached skill level 5 in Dodging
   250 | D        | Reached skill level 6 in Unarmed Combat
   252 | D        | Noticed a chaos spawn
   255 | D        | Reached XP level 5. HP: 56/57 MP: 4/4
   271 | D        | Found a basalt altar of Yredelemnul.
   271 | D        | Found a shadowy altar of Dithmenos.
   271 | D        | Found a sacrificial altar of Ru.
   280 | D        | Reached **** piety under Trog
   281 | D        | Reached skill level 7 in Unarmed Combat
   315 | D        | Found a hide-covered altar of Uskayaw.
   315 | D        | Found an iron altar of Okawaru.
   315 | D        | Found a bloodstained altar of Trog.
   315 | D        | Found an ornate altar of the Wu Jian Council.
   315 | D        | Noticed a human
   316 | D        | Noticed a human
   329 | D        | Slain by a human

Illustrated notes

Levels and vault maps discovered:
D:        dungeon_sprint_mu [sprint_mu_entry_forest, sprint_mu_temple_rooms,
          sprint_mu_d1_horrors, sprint_mu_d2_genie, sprint_mu_d3_branching,
          sprint_mu_orc_legion, sprint_mu_elf_gauntlet, sprint_mu_hive_nellie,
          sprint_mu_lair_fedhas, sprint_mu_vaults_butterflies,
          sprint_mu_slime_circle, sprint_mu_shoals_kraken,
          sprint_mu_snake_twists, sprint_mu_blade_basic, sprint_mu_crypt_lich,
          sprint_mu_tomb_spiral, sprint_mu_vestibule_basic,
          sprint_mu_gehenna_hellfire, sprint_mu_dis_giant,
          sprint_mu_tartarus_statrot, sprint_mu_cocytus_islands, sprint_mu_zot1]

Skill      XL: |  1  2  3  4  5 |
---------------+----------------+-----
Fighting       | 3 4 5 6 |  6.2
Dodging        | 3 4 5 6 |  6.2
Unarmed Combat | 4 5 6 7 |  7.4

Action                     |  1- 3 |  4- 6 || total
---------------------------+-------+-------++-------
  Melee: Unarmed           |    22 |    28 ||    50
         Punch             |     1 |       ||     1
 Invoke: Berserk           |     1 |     1 ||     2
    Use: Potion            |       |     1 ||     1
 Armour: Animal skin       |     6 |    17 ||    23
  Dodge: Dodged            |    11 |     9 ||    20

Table legend: (Time is in decaauts)
 A = Elapsed time spent in this place.
 B = Non-inter-level travel time spent in this place.
 C = Inter-level travel time spent in this place.
 D = Time resting spent in this place.
 E = Time spent auto-exploring this place.
 F = Levels seen in this place.
 G = Mean time per level.
                   A        B        C        D        E       F      G
               +--------+--------+--------+--------+--------+-----+--------+
         Total |    338 |    338 |      0 |    184 |     47 |   1 |  338.0 |
       Dungeon |    338 |    338 |      0 |    184 |     47 |   1 |  338.0 |
               +--------+--------+--------+--------+--------+-----+--------+

Top non-repeatable levels by time:
       D: 338 daAuts
